 Dungeon Crawl Stone Soup version 0.24.0-35-gdb84b6a5db (webtiles) character file.

Game seed: 15858597849761401077, levelgen mode: deterministic

226 Iamsoldier the Charmwright (level 6, -9/75 HPs)
             Began as a Gnoll Skald on Nov 20, 2019.
             Was an Initiate of Cheibriados.
             Mangled by Menkaure (12 damage)
             ... on level 4 of the Dungeon.
             The game lasted 00:10:56 (3655 turns).

Iamsoldier the Charmwright (Gnoll Skald)            Turns: 3655, Time: 00:10:56

Health: -9/75      AC: 23    Str: 16    XL:     6   Next: 1%
Magic:  13/13      EV:  2    Int: 17    God:    Cheibriados [......]
Gold:   110        SH:  0    Dex: 15    Spells: 9/15 levels left

rFire    . . .     SeeInvis .   a - +0 mace
rCold    . . .     Gourm    .   (no shield)
rNeg     + + +     Faith    .   (armour currently unavailable)
rPois    +         Spirit   .   (helmet currently unavailable)
rElec    .         Reflect  .   (cloak currently unavailable)
rCorr    .         Harm     .   (gloves currently unavailable)
MR       .....     NoTele   +   (boots currently unavailable)
Stlth    ++........             g - amulet of the acrobat
HPRegen  0.22/turn              (no ring)
MPRegen  0.13/turn              (no ring)

@: tree-form, very slightly contaminated, invisible, very slow
A: distributed training, strong nose
a: Bend Time, Renounce Religion


You were on level 4 of the Dungeon.
You worshipped Cheibriados.
Cheibriados was noncommittal.
You were not hungry.
You were a tree.
You visited 1 branch of the dungeon, and saw 4 of its levels.

You collected 110 gold pieces.

Inventory:

Hand Weapons
 a - a +0 mace (weapon)
 b - a +0 hunting sling
Missiles
 o - 68 stones (quivered)
Armour
 c - a +0 leather armour
 e - a +1 ring mail (melded)
Jewellery
 g - an amulet of the acrobat (around neck)
 q - a +3 ring of intelligence {unknown}
Wands
 y - a wand of digging (8)
Scrolls
 i - 3 scrolls of identify
 j - a scroll of random uselessness {unknown}
 l - a scroll of fear {unknown}
 n - a scroll of enchant weapon {unknown}
 p - a scroll of magic mapping
 s - a scroll of blinking {unknown}
 t - a scroll of enchant armour
 u - a scroll of fog {unknown}
 v - a scroll of amnesia
Potions
 f - a potion of haste
Comestibles
 d - 3 rations


   Skills:
 + Level 4.9 Fighting
 + Level 1.7 Short Blades
 + Level 1.7 Long Blades
 + Level 1.7 Axes
 + Level 4.9 Maces & Flails
 + Level 1.7 Polearms
 + Level 1.7 Staves
 + Level 1.7 Slings
 + Level 1.7 Bows
 + Level 1.7 Crossbows
 + Level 1.7 Throwing
 + Level 3.1 Armour
 + Level 4.9 Dodging
 + Level 1.7 Stealth
 + Level 1.7 Shields
 + Level 1.7 Unarmed Combat
 + Level 5.2 Spellcasting
 + Level 1.3 Conjurations
 + Level 1.3 Hexes
 + Level 5.6 Charms
 + Level 1.3 Summonings
 + Level 1.3 Necromancy
 + Level 1.3 Translocations
 + Level 1.3 Transmutations
 + Level 1.3 Fire Magic
 + Level 1.3 Ice Magic
 + Level 1.3 Air Magic
 + Level 1.3 Earth Magic
 + Level 1.3 Poison Magic
 + Level 1.9 Invocations
 + Level 1.7 Evocations


You had 9 spell levels left.
You knew the following spells:

 Your Spells              Type           Power        Failure   Level  Hunger
a - Infusion              Chrm           ###.         1%          1    None
b - Song of Slaying       Chrm           ###.....     1%          2    #......
c - Regeneration          Chrm/Necr      ###.......   10%         3    ###....

Your spell library contained the following spells:

 Spells                   Type           Power        Failure   Level  Hunger
 Shroud of Golubria       Chrm/Tloc      ###...       4%          2    #......
 Spectral Weapon          Hex/Chrm       ###.....     10%         3    ###....


Dungeon Overview and Level Annotations

Branches:
Dungeon (4/15)
 Temple: D:4-7

Altars:
Cheibriados
Gozag
Qazlal
Zin
The Shining One

Annotations:
D:4 Menkaure


Innate Abilities, Weirdness & Mutations

Your experience applies equally to all skills.
((You have very sharp teeth.))
Your uncanny sense of smell can sniff out nearby items.


Message History

You hit Menkaure but do no damage.
Menkaure is heavily damaged.
Menkaure hits you but does no damage. Menkaure hits you.
You hit Menkaure.
Menkaure is heavily damaged.
Menkaure hits you!
* * * LOW HITPOINT WARNING * * *
You sock Menkaure!
Menkaure is almost destroyed.
Menkaure hits you but does no damage.
You barely miss Menkaure.
Menkaure is almost destroyed.
Menkaure hits you!
* * * LOW HITPOINT WARNING * * *
Menkaure hits you.
* * * LOW HITPOINT WARNING * * *
You barely miss Menkaure.
Menkaure is almost destroyed.
Menkaure hits you!
You die...

#.......# ........#
.......(+ ∆
........######.
.............
............
#+#.........
#♣#..####.#
###########M#†.#....#.#
..........†...........#
##....M####.##.##...#
#.....'........... #
#.....####.##.####
##'#............
#.#########.#..#
#................


You could see Menkaure.

Vanquished Creatures
  A scorpion (D:4)
  A howler monkey (D:4)
  7 adders
  A shadow imp (D:4)
  An adder skeleton (D:4)
  2 worms (D:2)
  A leopard gecko (D:2)
  2 orcs (D:3)
  A ball python (D:1)
  5 giant cockroaches
  7 goblins
  5 hobgoblins
  8 jackals (D:2)
  4 kobolds
  2 quokkas
  4 bats
  3 frilled lizards
  6 rats
61 creatures vanquished.

Notes
Turn   | Place    | Note
-------+----------+-------------------------------------------
     0 | D:1      | Iamsoldier the Gnoll Skald began the quest for the Orb.
     0 | D:1      | Reached XP level 1. HP: 20/20 MP: 6/6
   313 | D:1      | Reached XP level 2. HP: 26/26 MP: 7/7
   932 | D:2      | Learned a level 2 spell: Song of Slaying
  1133 | D:2      | Reached skill level 5 in Spellcasting
  1133 | D:2      | Reached XP level 3. HP: 27/31 MP: 4/9
  1323 | D:2      | Reached skill level 1 in Invocations
  1716 | D:2      | Reached skill level 1 in Short Blades
  1716 | D:2      | Reached skill level 1 in Long Blades
  1716 | D:2      | Reached skill level 1 in Axes
  1716 | D:2      | Reached skill level 1 in Polearms
  1716 | D:2      | Reached skill level 1 in Staves
  1716 | D:2      | Reached skill level 1 in Slings
  1716 | D:2      | Reached skill level 1 in Bows
  1716 | D:2      | Reached skill level 1 in Crossbows
  1716 | D:2      | Reached skill level 1 in Throwing
  1716 | D:2      | Reached skill level 1 in Stealth
  1716 | D:2      | Reached skill level 1 in Shields
  1716 | D:2      | Reached skill level 1 in Unarmed Combat
  1716 | D:2      | Reached skill level 1 in Evocations
  1716 | D:2      | Reached XP level 4. HP: 22/38 MP: 4/11
  2208 | D:2      | Found a glowing golden altar of the Shining One.
  2211 | D:2      | Became a worshipper of the Shining One
  2741 | D:3      | Reached skill level 1 in Conjurations
  2741 | D:3      | Reached skill level 1 in Hexes
  2741 | D:3      | Reached skill level 1 in Summonings
  2741 | D:3      | Reached skill level 1 in Necromancy
  2741 | D:3      | Reached skill level 1 in Translocations
  2741 | D:3      | Reached skill level 1 in Transmutations
  2741 | D:3      | Reached skill level 1 in Fire Magic
  2741 | D:3      | Reached skill level 1 in Ice Magic
  2741 | D:3      | Reached skill level 1 in Air Magic
  2741 | D:3      | Reached skill level 1 in Earth Magic
  2741 | D:3      | Reached skill level 1 in Poison Magic
  2923 | D:3      | Found a snail-covered altar of Cheibriados.
  2923 | D:3      | Found a glowing silver altar of Zin.
  2924 | D:3      | Found a stormy altar of Qazlal.
  2930 | D:3      | Fell from the grace of the Shining One
  2930 | D:3      | Became a worshipper of Cheibriados the Contemplative
  3050 | D:3      | Reached XP level 5. HP: 39/43 MP: 8/12
  3057 | D:3      | Learned a level 3 spell: Regeneration
  3297 | D:3      | Found an opulent altar of Gozag.
  3618 | D:4      | Noticed Menkaure
  3634 | D:4      | Reached XP level 6. HP: 11/50 MP: 0/13
  3654 | D:4      | HP: 3/75 [Menkaure (6)]
  3655 | D:4      | Mangled by Menkaure

Levels and vault maps discovered:
D:1:      sevenhm_arrival_forest_fort_small_6, layout_loops_ring
D:2:      layout_basic, tso_oasis_becter
D:3:      layout_loops_ring, gammafunk_temple_overflow_claw, old_standard_altar,
          roderic_lattice_a
D:4:      layout_basic, uniq_menkaure, uniq_grinder

Skill      XL: |  1  2  3  4  5 |
---------------+----------------+-----
Spellcasting   | 5 |  5.2
Invocations    | 1 |  1.9
Short Blades   | 1 |  1.7
Long Blades    | 1 |  1.7
Axes           | 1 |  1.7
Polearms       | 1 |  1.7
Staves         | 1 |  1.7
Slings         | 1 |  1.7
Bows           | 1 |  1.7
Crossbows      | 1 |  1.7
Throwing       | 1 |  1.7
Stealth        | 1 |  1.7
Shields        | 1 |  1.7
Unarmed Combat | 1 |  1.7
Evocations     | 1 |  1.7
Conjurations   | 1 |  1.3
Hexes          | 1 |  1.3
Summonings     | 1 |  1.3
Necromancy     | 1 |  1.3
Translocations | 1 |  1.3
Transmutations | 1 |  1.3
Fire Magic     | 1 |  1.3
Ice Magic      | 1 |  1.3
Air Magic      | 1 |  1.3
Earth Magic    | 1 |  1.3
Poison Magic   | 1 |  1.3
Armour         | 3 |  3.1
Fighting       | |  4.9
Maces & Flails | |  4.9
Dodging        | |  4.9
Charms         | |  5.6

Action                   |  1- 3 |  4- 6 || total
-------------------------+-------+-------++-------
Melee: Mace              |    83 |   132 ||   215
       Bite              |    14 |    15 ||    29
       Punch             |       |     1 ||     1
 Fire: Hunting sling     |       |     2 ||     2
 Cast: Infusion          |     9 |     6 ||    15
       Song of Slaying   |     1 |     2 ||     3
  Use: Scroll            |     2 |     2 ||     4
       Potion            |       |     6 ||     6
 Stab: Sleeping          |     3 |       ||     3
  Eat: Chunk             |     2 |     7 ||     9
Armor: Leather armour    |    11 |    14 ||    25
       Ring mail         |       |    16 ||    16
       Skin              |       |    11 ||    11
Dodge: Dodged            |    53 |   105 ||   158
